 Dungeon Crawl Stone Soup version 0.30.0-15-g856e2d3f33 (webtiles) character file.

Game seed: 4686459990332091887

53 monsoonserge the Ducker (level 3, -6/23 HPs)
             Began as a Deep Elf Monk on May 19, 2023.
             Mangled by a gnoll
             ... wielding a +0 halberd
              (14 damage)
             ... on level 2 of the Dungeon.
             The game lasted 00:03:02 (795 turns).

monsoonserge the Ducker (Deep Elf Monk)              Turns: 795, Time: 00:03:02

Health: -6/23      AC:  9    Str:  8    XL:     3   Next: 64%
Magic:  5/5        EV:  7    Int: 16    God:
Gold:   116        SH:  0    Dex: 17    Spells: 2/2 levels left

rFire   . . .        a - +0 falchion
rCold   . . .        d - orb {light}
rNeg    . . .        q - +0 chain mail
rPois   .            (no helmet)
rElec   .            (no cloak)
rCorr   +            f - +0 pair of gloves
SInv    .            (no boots)
Will    .....        (no amulet) Stlth
                     n - ring of resist corrosion
HPRegen 0.23/turn    (no ring)
MPRegen 0.09/turn

%: no passive effects
@: glowing
A: hooves 1, high MP 1, sturdy frame 1
a: no special abilities


You were on level 2 of the Dungeon.
You visited 1 branch of the dungeon, and saw 2 of its levels.

You collected 116 gold pieces.

Inventory:

Hand Weapons
 a - a +0 falchion (weapon)
Missiles
 l - a throwing net (quivered)
 r - 2 poisoned darts
Armour
 b - a +0 robe
 d - an orb of light (worn)
 f - a +0 pair of gloves (worn)
 q - a +0 chain mail (worn)
Jewellery
 n - a ring of resist corrosion (left hand)
Scrolls
 e - a scroll of blinking {unknown}
 g - a scroll of enchant armour {unknown}
 i - 3 scrolls of identify {unknown}
 k - a scroll of summoning {unknown}
 o - 2 scrolls of torment {unknown}
 s - a scroll of amnesia {unknown}
Potions
 c - a potion of ambrosia
 j - a potion of curing {unknown}
 m - a potion of degeneration {unknown}
 p - a potion of lignification {unknown}


   Skills:
 + Level 3.0 Fighting
 + Level 3.3 Long Blades
 + Level 4.2 Dodging


You had 2 spell levels left.
You didn't know any spells.
Your spell library was empty.

Dungeon Overview and Level Annotations

Branches:
Dungeon (2/15)

Altars:
Zin


Innate Abilities, Weirdness & Mutations

You have large cloven feet.
You have an increased reservoir of magic. (+10% MP)
Your movements are slightly less encumbered by armour. (ER -2)


Message History

There are no items here.
A gnoll and a bat come into view.
The gnoll shouts!
The bat barely misses you. The bat hits you but does no damage.
You see here 10 gold pieces.
You now have 116 gold pieces (gained 10).
The bat hits you but does no damage. The bat hits you but does no damage.
You closely miss the bat. The bat hits you but does no damage. x2
The bat hits you.
You hit the bat.
You kill the bat!
A gnoll comes into view. It is wielding a +0 spear.
You barely miss the gnoll. The gnoll hits you with a +0 whip.
You hit the gnoll.
The gnoll is moderately wounded.
The gnoll hits you but does no damage.
You hit the gnoll.
The gnoll is moderately wounded.
A gnoll comes into view. It is wielding a +0 halberd.
The gnoll hits you but does no damage.
The gnoll shouts!
You hit the gnoll.
The gnoll is severely wounded.
A gnoll comes into view. It is wielding a +0 halberd.
The gnoll hits you with a +0 whip.
You hit the gnoll.
You kill the gnoll!
Your Fighting skill increases to level 3!
The gnoll hits you from afar with a +0 spear.
The gnoll hits you from afar with a +0 spear.
It was a potion of mutation.
You feel extremely strange.
Your feet thicken and deform.
You feel less encumbered by your armour.
You feel more energetic.
The gnoll hits you from afar with a +0 halberd.
The gnoll hits you with a +0 halberd!
Ouch! That really hurt!
You die...

...##.........####
.# #............#
#...............#
................#
........####....#
........# #....#
....##### #g.g.#
.... #...g# #...@#
#....# ######


You could see 3 gnolls.

Vanquished Creatures
  A gnoll (D:2)
  A ball python (D:1)
  3 bats
  4 endoplasms
  A giant cockroach (D:1)
  3 goblins
  7 hobgoblins
  3 jackals (D:1)
  5 kobolds
  A quokka (D:2)
  4 frilled lizards
  6 rats (D:1)
39 creatures vanquished.

Notes
Turn   | Place    | Note
-------+----------+-------------------------------------------
     0 | D:1      | monsoonserge the Deep Elf Monk began the quest for the Orb.
     0 | D:1      | Reached XP level 1. HP: 13/13 MP: 3/3
   124 | D:1      | Reached XP level 2. HP: 18/18 MP: 4/4
   236 | D:1      | Reached skill level 4 in Dodging
   470 | D:1      | Reached XP level 3. HP: 22/22 MP: 5/5
   641 | D:2      | Found a glowing silver altar of Zin.
   794 | D:2      | Gained mutation: You have large cloven feet. [potion of
                  | mutation]
   794 | D:2      | Gained mutation: Your movements are slightly less
                  | encumbered by armour. (ER -2) [potion of mutation]
   794 | D:2      | Gained mutation: You have an increased reservoir of magic.
                  | (+10% MP) [potion of mutation]
   795 | D:2      | Mangled by a gnoll

Illustrated notes

Levels and vault maps discovered:
D:1:      onia_arrival_handbag, layout_basic, serial_curves, eino_curves_03,
          eino_curves_03
D:2:      layout_basic, basic_altar

Skill      XL: |  1  2  3 |
---------------+----------+-----
Long Blades    | 3 |  3.3
Dodging        | 4 |  4.2
Fighting       | 3 |  3.0

Action                     || total
---------------------------++-------
  Melee: Falchion          ||    86
    Use: Potion            ||     1
 Armour: Robe              ||    19
         Chain mail        ||     7
  Dodge: Dodged            ||    63
